AoeStats
← Zwanno

Arabia

510363725Analyzed
1v1 RM · 14h ago on Sep 30, 2026· 43m 35s· 2 players
Game mode
Random Map
Map size
Tiny (2 player)
Population
200
Speed
Normal
Resources
Standard
Victory
Conquest
Starting age
Dark Age
Ending age
Imperial Age
RankedLock teamsTeams togetherTeam positionsShared explorationLock speedFull tech treeHidden civsTurbo modeCheats
Victory
Defeat
🇫🇷 Mapuche · France
884
+15
🇸🇰 Danes · Slovakia
867
-15
Zwanno
9:04 Feudal Age
10:04 Loom
10:54 Double-Bit Axe
11:32 Man-at-Arms
12:09 Arson
14:38 Forging
18:31 Scale Mail Armor
18:56 Horse Collar
22:29 Fletching
23:28 Padded Archer Armor
27:26 Castle Age
26:49 Gold Mining
28:21 Long Swordsman
28:47 Gambesons
29:40 Leather Archer Armor
31:03 Gold Shaft Mining
30:57 Squires
31:16 Town Watch
31:07 Elite Skirmisher
33:39 Thumb Ring
34:30 Heavy Plow
35:18 Redemption
35:13 Stone Mining
35:35 Bow Saw
36:50 Ballistics
38:33 Wheelbarrow
42:09 Bodkin Arrow
42:41 Masonry
Avelio
9:10 Loom
10:56 Feudal Age
12:05 Double-Bit Axe
12:11 Gold Mining
12:42 Champi Runner
13:56 Scale Mail Armor
14:07 Forging
16:05 Town Watch
18:55 Padded Archer Armor
18:50 Horse Collar
20:30 Fletching
21:47 Wheelbarrow
26:42 Castle Age
26:18 Stone Mining
28:48 Bow Saw
29:13 Gold Shaft Mining
30:19 Hand Cart
30:42 Leather Archer Armor
30:22 Bodkin Arrow
38:51 Imperial Age
38:41 Murder Holes
38:58 Masonry
38:28 Treadmill Crane
38:55 Malon
40:13 Ballistics
39:22 Elite Kona
42:00 Conscription
42:43 Architecture
43:16 Chemistry
42:52 Ring Archer Armor
Connection lost

Rejoining the realm…

Still unreachable

The connection could not be restored.

Session expired

The server has moved on; the page needs a fresh start.